 Dungeon Crawl Stone Soup version 0.29.1-13-g9f3cf754e1 (webtiles) character file.

Game seed: 15297954179713551983

494 bjubeck the Trooper (level 6, 0/60 HPs)
             Began as a Minotaur Fighter on Feb 2, 2023.
             Slain by a fire bat (8 damage)
             ... on level 4 of the Dungeon.
             The game lasted 00:07:42 (3323 turns).

bjubeck the Trooper (Minotaur Fighter)              Turns: 3323, Time: 00:07:43

Health: 0/60       AC:  8    Str: 23    XL:     6   Next: 92%
Magic:  5/5        EV:  9    Int:  5    God:
Gold:   145        SH:  4    Dex:  9    Spells: 5/5 levels left

rFire   . . .      SeeInvis .   a - +0 war axe
rCold   + . .      Faith    .   c - +0 buckler
rNeg    . . .      Spirit   .   b - +0 scale mail
rPois   .          Reflect  .   (helmet restricted)
rElec   .          Harm     .   (no cloak)
rCorr   .          Rampage  .   (no gloves)
Will    .....                   l - +0 pair of boots
Stlth   ..........              (no amulet)
HPRegen 0.20/turn               q - ring of protection from cold
MPRegen 0.09/turn               (no ring)

@: flying
A: horns 2, retaliatory headbutt
a: no special abilities


You were on level 4 of the Dungeon.
You visited 1 branch of the dungeon, and saw 4 of its levels.
You also visited: Sewer.

You collected 145 gold pieces.

Inventory:

Hand Weapons
 a - a +0 war axe (weapon)
Missiles
 r - 10 poisoned darts (quivered)
Armour
 b - a +0 scale mail (worn)
 c - a +0 buckler (worn)
 l - a +0 pair of boots (worn)
Jewellery
 q - a ring of protection from cold (left hand)
 v - an amulet of guardian spirit
Scrolls
 f - 5 scrolls of identify {unknown}
 g - 3 scrolls of magic mapping {unknown}
 k - a scroll of poison {unknown}
 m - a scroll of fog {unknown}
 n - a scroll of immolation {unknown}
 o - a scroll of vulnerability {unknown}
 p - a scroll of amnesia {unknown}
 s - a scroll of blinking {unknown}
 w - 3 scrolls of teleportation {unknown}
 x - a scroll of noise {unknown}
Potions
 d - 2 potions of might
 e - a potion of invisibility {unknown}
 h - 3 potions of curing
 i - a potion of heal wounds {unknown}
 j - a potion of mutation {unknown}
 t - a potion of flight
 u - a potion of attraction {unknown}
 z - a potion of resistance


   Skills:
 + Level 7.2 Fighting
 + Level 6.6 Axes
 - Level 3.6 Armour
 - Level 3.6 Shields


You had 5 spell levels left.
You didn't know any spells.
Your spell library contained the following spells:

 Spells                   Type           Power      Damage    Failure   Level
 Magic Dart               Conj           0%         1d3       86%         1
 Searing Ray              Conj           0%         2d4       95%         2
 Fulminant Prism          Conj/Hex       0%         3d6       100%        4
 Alistair's Intoxication  Tmut/Pois      0%         N/A       100%        5
 Borgnjor's Vile Clutch   Necr/Erth      0%         N/A       100%        5
 Eringya's Noxious Bog    Tmut/Pois      0%         N/A       100%        6


Dungeon Overview and Level Annotations

Branches:
Dungeon (4/15)              Sewer (visited)
 Temple: D:4-7

Altars:
Kikubaaqudgha
Uskayaw

Shops:
D:2 !

Annotations:
D:2 Jessica
D:4 1 transporter


Innate Abilities, Weirdness & Mutations

You have a pair of horns on your head.
You reflexively headbutt those who attack you in melee.


Message History

You headbutt the fire bat!
The fire bat bites you but does no damage. x2
You slash the fire bat!
You kill the fire bat!
The fire bat barely misses you.
Your Fighting skill increases to level 7!
The fire bat bites you.
You are engulfed in flames!
You block the fire bat's attack. You block the fire bat's attack.
You hit the fire bat but do no damage.
The fire bat is almost dead.
The fire bat bites you.
You are engulfed in flames.
The fire bat closely misses you. You furiously retaliate!
You headbutt the fire bat. The fire bat bites you.
You are engulfed in flames!
* * * LOW HITPOINT WARNING * * *
You closely miss the fire bat. Your headbutt misses the fire bat.
The fire bat is almost dead.
The fire bat misses you.
You feel very buoyant.
You fly up into the air.
The fire bat bites you but does no damage.
You closely miss the fire bat.
The fire bat is almost dead.
The fire bat bites you but does no damage.
The fire bat bites you.
* * * LOW HITPOINT WARNING * * *
You are engulfed in flames!
* * * LOW HITPOINT WARNING * * *
You miss the fire bat.
The fire bat is almost dead.
The fire bat closely misses you.
You miss the fire bat.
The fire bat is severely wounded.
You block the fire bat's attack.
The fire bat bites you but does no damage.
The fire bat bites you.
* * * LOW HITPOINT WARNING * * *
You are engulfed in flames!
You die...

..............).....#
#...©.....####..##
##############...#
#○.○°☼.○###.....###
#○○○°°○○#.........#
#.○#©#☼.##.....♣♣.♣
#°○...°°##.....♣ .♣
#°°#b#°°##.....♣ ♣
#○☼.@.○°#......♣
###☼°○####.....♣
☼°☼○°°☼.#.....♣ ♣
#☼○°°☼°☼°.#.....♣ .
#○°°...°°○#.....♣♣.♣
#○○.$$$°○☼#......♣.♣♣.
#☼☼○(©$○☼○#)<#........
###########)÷#........
..#..
#...#....©.....)......####


You could see a fire bat.

Vanquished Creatures
  A fire bat (D:4)
  A kobold brigand (Sewer)
  2 scorpions
  4 adders
  2 river rats (Sewer)
  A worm (D:4)
  3 dart slugs
  14 orcs
  5 ball pythons
  8 endoplasms
  A giant cockroach (D:1)
  4 goblins (D:2)
  7 hobgoblins
  9 jackals
  2 quokkas
  8 bats
  6 frilled lizards
  9 kobolds
  7 rats
94 creatures vanquished.

Notes
Turn   | Place    | Note
-------+----------+-------------------------------------------
     0 | D:1      | bjubeck the Minotaur Fighter began the quest for the Orb.
     0 | D:1      | Reached XP level 1. HP: 19/19 MP: 0/0
   293 | D:1      | Reached skill level 4 in Fighting
   294 | D:1      | Reached XP level 2. HP: 24/27 MP: 1/1
   919 | D:1      | Reached XP level 3. HP: 34/34 MP: 2/2
  1207 | D:2      | Found Mofunus's Distillery.
  1249 | D:2      | Noticed a scorpion
  1258 | D:2      | Killed a scorpion
  1259 | D:2      | Reached skill level 5 in Fighting
  1259 | D:2      | Reached XP level 4. HP: 17/42 MP: 3/3
  1476 | D:2      | Noticed Jessica
  1570 | D:2      | Reached XP level 5. HP: 48/48 MP: 4/4
  2371 | D:3      | Found an ancient bone altar of Kikubaaqudgha.
  2534 | D:3      | Found a hide-covered altar of Uskayaw.
  2781 | D:4      | Reached skill level 5 in Axes
  2792 | D:4      | Found a transporter.
  2822 | D:4      | Found a glowing drain.
  2831 | D:4      | Reached skill level 6 in Fighting
  2842 | Sewer    | Entered a sewer
  2852 | Sewer    | Reached XP level 6. HP: 48/57 MP: 5/5
  3015 | Sewer    | Found a white marble altar of Elyvilon.
  3246 | D:4      | Found a transporter.
  3307 | D:4      | Noticed a fire bat
  3307 | D:4      | Noticed a fire bat
  3312 | D:4      | Killed a fire bat
  3313 | D:4      | Reached skill level 7 in Fighting
  3323 | D:4      | Slain by a fire bat

Illustrated notes

Levels and vault maps discovered:
D:1:      giann_horns, layout_basic, minmay_misc_feat_alley, minmay_door_square
D:2:      layout_basic, serial_shops, shop_fountains, kennysheep_jessica_study
D:3:      layout_basic, mainiacjoe_overflow_surrounded_room,
          mainiacjoe_overflow_brackets
D:4:      gammafunk_cloud_chamber, layout_cave_pools, grunt_gozag_breadcrumbs,
          lemuel_mausoleum_altar_yredelemnul,
          mainiacjoe_overflow_six_doors_small, cheibrodos_sewer_entry_sluice,
          serial_forest, infiniplex_forest_straight_4,
          infiniplex_forest_clump_small, infiniplex_forest_zigzag_1,
          infiniplex_forest_straight_4, infiniplex_forest_fountain,
          infiniplex_forest_end_2

Skill      XL: |  1  2  3  4  5  6 |
---------------+-------------------+-----
Fighting       | 4 5 6 7 |  7.2
Axes           | 3 4 5 6 |  6.6
Armour         | |  3.6
Shields        | |  3.6

Action                   |  1- 3 |  4- 6 || total
-------------------------+-------+-------++-------
Melee: War axe           |    59 |   119 ||   178
       Headbutt          |     7 |    15 ||    22
  Use: Potion            |       |     3 ||     3
Armor: Scale mail        |    23 |    57 ||    80
Dodge: Dodged            |    31 |    46 ||    77
Block: Buckler           |    13 |    23 ||    36
